 Dungeon Crawl Stone Soup version 0.26-a0-259-g1effd001a9 (webtiles) character file.

Game seed: 17051217112650824840

219 night the Stinger (level 5, -6/38 HPs)
             Began as a Draconian Venom Mage on July 27, 2020.
             Mangled by a wight
             ... wielding a cursed +3 falchion
              (8 damage)
             ... on level 4 of the Dungeon.
             The game lasted 00:05:28 (1488 turns).

night the Stinger (Draconian Venom Mage)            Turns: 1488, Time: 00:05:28

Health: -6/38      AC:  9    Str: 10    XL:     5   Next: 64%
Magic:  7/9        EV: 12    Int: 17    God:
Gold:   67         SH:  0    Dex: 11    Spells: 4/11 levels left

rFire    . . .     SeeInvis .   c - +4 whip
rCold    . . .     Faith    .   (no shield)
rNeg     . . .     Spirit   .   (armour unavailable)
rPois    .         Reflect  .   (helmet restricted)
rElec    .         Harm     .   (no cloak)
rCorr    .                      (no gloves)
MR       .....                  (no boots)
Stlth    ++........             (no amulet)
HPRegen  0.12/turn              d - +4 ring of protection
MPRegen  0.11/turn              (no ring)

@: berserk cooldown, hasted and slowed, lightly drained
A: unfitting armour, horns 1, blurry vision 1, low mp 1, evolution 1,
cold-blooded, AC +5
a: no special abilities


You were on level 4 of the Dungeon.
You were not hungry.

You visited 1 branch of the dungeon, and saw 3 of its levels.
You also visited: Ossuary.

You collected 67 gold pieces.

Inventory:

Hand Weapons
 a - a +0 dagger
 c - a +4 whip (weapon)
 f - a +1 dagger of protection
Missiles
 i - 13 poisoned darts (quivered)
 k - 67 stones
 m - 55 arrows
 n - 16 bolts
Jewellery
 d - a +4 ring of protection (left hand)
 j - an uncursed amulet of guardian spirit
Potions
 e - 3 potions of berserk rage
Comestibles
 b - 5 rations


   Skills:
 - Level 1.7(1.6) Dodging
 - Level 1.7(1.6) Stealth
 + Level 3.5(3.3) Spellcasting
 - Level 1.0(0.8) Transmutations
 * Level 5.5(5.3) Poison Magic


You had 4 spell levels left.
You knew the following spells:

 Your Spells              Type           Power        Failure   Level
a - Sting                 Tmut/Pois      ##..         4%          1
b - Poisonous Vapours     Pois/Air       ##....       9%          2
c - Olgreb's Toxic Radia  Pois           ###.....     19%         4

Your spell library contained the following spells:

 Spells                   Type           Power        Failure   Level
 Ignite Poison            Fire/Tmut/Pois #.......     22%         3
 Mephitic Cloud           Conj/Pois/Air  #.......     24%         3


Dungeon Overview and Level Annotations

Branches:
Dungeon (4/15)            Ossuary (visited)
 Temple: D:4-7

Altars:


Innate Abilities, Weirdness & Mutations

Your plain brown scales are hard. (AC +5)
You cannot fit into any form of body armour.
You are cold-blooded and may be slowed by cold attacks.
You have a pair of small horns on your head.
Scrolls take you a little longer to read.
Your magical capacity is low. (-10% MP)
You evolve.


Message History

The wight hits you but does no damage.
You barely miss the wight.
Your tail-slap misses the wight.
The wight is almost destroyed.
The wight barely misses you.
You whack the wight!
You destroy the wight!
You are too berserk!
You feel a strong urge to attack something.
You are no longer berserk.
You are exhausted.
You feel yourself slow down.
It was a potion of haste.
You feel yourself speed up.
It was a potion of mutation.
You feel extremely strange.
You feel less energetic. A pair of horns grows on your head!
Your vision blurs.
You feel nature experimenting on you.
Don't worry, failures die fast.
You aren't carrying any scrolls.
You barely miss the wight. The wight barely misses you.
You barely miss the wight.
The wight hits you with a cursed +3 falchion!
You die...

#...%..##.............
#......##.............
#......#..............
#.....................
#####.####............
##)# ........ ##.)#
....... #..z# z......
#..@# ....... #...#
....##. ##### .......
######. #. ##


You could see a wight.

Vanquished Creatures
  2 wights (D:4)
  An iguana (D:4)
  2 worker ants (D:4)
  An adder (D:2)
  2 leopard geckos (D:1)
  An orc (D:4)
  2 ball pythons (D:1)
  A giant cockroach (D:4)
  9 goblins (D:1)
  9 hobgoblins (D:1)
  2 jackals (D:1)
  8 bats (D:1)
  3 frilled lizards
  4 kobolds (D:1)
  A quokka skeleton (D:4)
  2 rats (D:2)
50 creatures vanquished.

Vanquished Creatures (others)
  A withered plant (Ossuary)
1 creature vanquished.

Grand Total: 51 creatures vanquished

Notes
Turn   | Place    | Note
-------+----------+-------------------------------------------
     0 | D:1      | night the Draconian Venom Mage began the quest for the Orb.
     0 | D:1      | Reached XP level 1. HP: 14/14 MP: 3/3
   113 | D:1      | Reached XP level 2. HP: 19/20 MP: 1/5
   448 | D:1      | Reached XP level 3. HP: 26/26 MP: 2/6
   452 | D:1      | Learned a level 2 spell: Poisonous Vapours
   585 | D:1      | Reached skill level 4 in Poison Magic
   748 | D:1      | You fall into a shaft and drop 1 floor!
  1138 | D:2      | You fall into a shaft and drop 2 floors!
  1156 | D:4      | Reached XP level 4. HP: 31/33 MP: 4/8
  1242 | D:4      | Learned a level 4 spell: Olgreb's Toxic Radiance
  1276 | D:4      | Reached skill level 5 in Poison Magic
  1387 | D:4      | Found a sand-covered staircase.
  1415 | Ossuary  | Entered an ossuary
  1477 | D:4      | Reached XP level 5. HP: 15/38 MP: 5/9
  1478 | D:4      | HP: 5/57 [wight/+0 dire flail (10)]
  1478 | D:4      | HP: 1/57 [wight/+0 dire flail (4)]
  1486 | D:4      | Gained mutation: Your magical capacity is low. (-10% MP)
                  | [potion of mutation]
  1486 | D:4      | Gained mutation: You have a pair of small horns on your
                  | head. [potion of mutation]
  1486 | D:4      | Gained mutation: Scrolls take you a little longer to read.
                  | [potion of mutation]
  1486 | D:4      | Gained mutation: You evolve. [potion of mutation]
  1488 | D:4      | Mangled by a wight

Illustrated notes

Levels and vault maps discovered:
D:1:      roderic_crossed_star, layout_basic, minmay_small_reverse_x
D:2:      layout_rooms, uniq_robin
D:4:      layout_rooms, first_ration, nicolae_ossuary_entry_ruins,
          small_statue_intersection

Skill      XL: |  1  2  3  4 |
---------------+-------------+-----
Poison Magic   | 4 5 |  5.5
Spellcasting   | 3 |  3.5
Dodging        | |  1.7
Stealth        | |  1.7
Transmutations | |  1.0

Action                   |  1- 3 |  4- 6 || total
-------------------------+-------+-------++-------
Melee: Unarmed           |    10 |       ||    10
       Dagger            |     7 |       ||     7
       Tailslap          |     7 |     1 ||     8
       Whip              |    41 |    17 ||    58
 Cast: Sting             |    47 |    13 ||    60
  Use: Scroll            |       |     2 ||     2
       Potion            |       |     3 ||     3
  Eat: Ration            |     1 |       ||     1
Armor: Skin              |    44 |     5 ||    49
Dodge: Dodged            |    61 |     9 ||    70

Table legend:
 A = Non-vault XP
 B = Vault XP
 C = Vault XP percentage of total XP
 D = Non-vault monster count
 E = Vault monster count
 F = Vault count percentage of total count
                 A         B        C        D         E       F
            +---------+---------+-------+---------+---------+-------
      Total |     307 |       7 |   2.2 |      46 |       4 |   8.0
            +---------+---------+-------+---------+---------+-------
        D:1 |      62 |       7 |  10.1 |      34 |       4 |  10.5
        D:2 |      17 |       0 |   0.0 |       4 |       0 |   0.0
        D:4 |     228 |       0 |   0.0 |       8 |       0 |   0.0
            +---------+---------+-------+---------+---------+-------
